 Dungeon Crawl Stone Soup version 0.23-a0-696-gf95311e (webtiles) character file.

496783 DrEnzyme the Conqueror (level 23, -7/192 HPs)
             Began as a Centaur Wanderer on Jan 8, 2019.
             Was the Champion of the Shining One.
             Mangled by a tentacled starspawn (12 damage)
             ... on level 3 of the Abyss on Jan 12, 2019.
             The game lasted 07:58:05 (78439 turns).

DrEnzyme the Conqueror (Centaur Wanderer)          Turns: 78439, Time: 07:58:07

Health: -7/192     AC:  4    Str: 20    XL:     23   Next: 97%
Magic:  28/36      EV:  0    Int:  8    God:    the Shining One [******]
Gold:   4888       SH:  0    Dex: 14    Spells: 38/40 levels left

rFire    + . .     SeeInvis +   a - +17 lance "Wyrmbane" {slay drac, rPois rF+ rC+ AC+3}
rCold    + . .     Gourm    .   (no shield)
rNeg     + + +     Faith    .   N - +4 plate armour "Fetrotz" {rElec Str+4}
rPois    +         Spirit   .   L - +0 mask of the Dragon {MR+ Slay+3 SInv}
rElec    +         Reflect  .   v - +1 cloak {+Inv}
rCorr    .         Harm     .   t - +2 pair of gloves {archery}
MR       +++..     Rnd*Tele +   E - +4 centaur barding
Stlth    ..........             P - amulet of regeneration
HPRegen  0.00/turn              J - ring of Nemelex Xobeh's Pride {MR+ Dex+5}
MPRegen  0.25/turn              c - +6 ring of slaying

@: corroded, glowing, constricted, studying Spellcasting, very quick
A: large, hooves 3, [blurry vision 2], [clumsy 2], deformed body, [deterioration
1], [dopey 2], speed 2, [frail 2], [inhibited regeneration], [teleportitis 3],
tough skin 3, [weak 2], [no potion heal 2], [subdued magic 3]
}: 2/15 runes: decaying, gossamer
a: Divine Shield, Cleansing Flame, Summon Divine Warrior, Renounce Religion,
Evoke Invisibility


You were on level 3 of the Abyss.
You worshipped the Shining One.
The Shining One was exalted by your worship.
You were not hungry.

You visited 9 branches of the dungeon, and saw 44 of its levels.
You visited the Abyss 1 time.
You also visited: Bailey and Gauntlet.

You collected 5362 gold pieces.
You spent 385 gold pieces at shops.
You donated 89 gold pieces to Zin.

Inventory:

Hand Weapons
 a - the +17 lance "Wyrmbane" (weapon) {slay drac, rPois rF+ rC+ AC+3}
   (You took it off a deep elf death mage on level 3 of the Elven Halls)

   It affects your AC (+3).
   It protects you from fire.
   It protects you from cold.
   It protects you from poison.
 b - a +4 longbow of holy wrath
 j - the +7 shortbow "Wemucs" {velocity, +Fly rF- rN+ Str+3}
   (You found it on level 3 of the Elven Halls)

   Any arrow fired from it inflicts extra damage.
   It affects your strength (+3).
   It makes you vulnerable to fire.
   It protects you from negative energy.
   It lets you fly.
Missiles
 l - 582 arrows
 z - 2 throwing nets
 F - 12 javelins (quivered)
 Q - 9 javelins of returning
Armour
 t - a +2 pair of gloves of archery (worn)
 v - a +1 cloak of invisibility (worn)
 E - a +4 centaur barding (worn)
 L - the +0 mask of the Dragon (worn) {MR+ Slay+3 SInv}
   (You found it in a Gauntlet)

   It affects your accuracy and damage with ranged weapons and melee attacks
   (+3).
   It affects your resistance to hostile enchantments.
   It lets you see invisible.
 N - the +4 plate armour "Fetrotz" (worn) {rElec Str+4}
   (You took it off an orc on level 10 of the Dungeon)

   It affects your strength (+4).
   It insulates you from electricity.
 O - a scarf of cloud immunity
Jewellery
 c - a +6 ring of slaying (right hand)
 d - the ring of Robustness {AC+8}
   (You found it in a Gauntlet)

   [ring of protection]

   It affects your AC (+8).
 I - an uncursed ring of protection from cold
 J - the ring of Nemelex Xobeh's Pride (left hand) {MR+ Dex+5}
   (You found it on level 7 of the Dungeon)

   [ring of dexterity]

   It affects your dexterity (+5).
   It affects your resistance to hostile enchantments.
 M - a +4 ring of slaying
 P - an amulet of regeneration (around neck)
 U - an uncursed ring of protection from fire
Wands
 p - a wand of iceblast (32)
 q - a wand of paralysis (20)
 u - a wand of enslavement (4)
 B - a wand of acid (36)
 D - a wand of disintegration (73)
Scrolls
 h - 2 scrolls of fear
 i - 7 scrolls of identify
 m - 20 scrolls of remove curse
 n - 4 scrolls of magic mapping
 o - 9 scrolls of blinking
 x - 2 scrolls of summoning
 y - a scroll of holy word
 H - 16 scrolls of teleportation
 K - 4 scrolls of fog
Potions
 e - 3 potions of cancellation
 g - 2 potions of brilliance
 r - 4 potions of resistance
 w - 7 potions of curing
 A - a potion of magic
 G - 5 potions of heal wounds
 W - 3 potions of might
 X - 6 potions of haste
 Y - 4 potions of agility
Books
 k - a manual of Spellcasting
Miscellaneous
 s - a lamp of fire
 T - a phial of floods
Comestibles
 f - 49 rations


   Skills:
 O Level 27 Fighting
   Level 1.7 Short Blades
   Level 3.9 Maces & Flails
 - Level 12.0 Polearms
 - Level 20.0 Bows
   Level 10.0 Crossbows
 - Level 5.0 Throwing
 * Level 12.2 Armour
 - Level 1.0 Stealth
   Level 1.9 Shields
 * Level 9.3 Spellcasting
   Level 2.6 Charms
 - Level 1.0 Translocations
 * Level 10.2 Invocations
 - Level 9.3 Evocations


You had 38 spell levels left.
You knew the following spells:

 Your Spells              Type           Power        Failure   Level  Hunger
a - Apportation           Tloc           #.....       73%         1    None
b - Summon Butterflies    Summ           #.......     87%         1    None

Your spell library contained the following spells:

 Spells                   Type           Power        Failure   Level  Hunger
 Swiftness                Chrm/Air       #.......     83%         2    ##.....
 Animate Skeleton         Necr           N/A          87%         1    None
 Beastly Appendage        Tmut           #.....       87%         1    None
 Corona                   Hex            #......      87%         1    None
 Flame Tongue             Conj/Fire      #....        87%         1    None
 Freeze                   Ice            #...         87%         1    None
 Pain                     Necr           #...         87%         1    None
 Shock                    Conj/Air       #...         87%         1    None
 Summon Small Mammal      Summ           #...         87%         1    None
 Call Imp                 Summ           #.......     95%         2    ##.....
 Corpse Rot               Necr           N/A          95%         2    ##.....
 Ensorcelled Hibernation  Hex/Ice        #.....       95%         2    ##.....
 Poisonous Vapours        Pois/Air       #.....       95%         2    ##.....
 Slow                     Hex            #.......     95%         2    ##.....
 Sticks to Snakes         Tmut           #.......     95%         2    ##.....
 Sublimation of Blood     Necr           #.........   95%         2    ##.....
 Throw Flame              Conj/Fire      #.....       95%         2    ##.....
 Throw Frost              Conj/Ice       #.....       95%         2    ##.....
 Ozocubu's Armour         Chrm/Ice       #.......     97%         3    ###....
 Regeneration             Chrm/Necr      #.........   97%         3    ###....
 Gell's Gravitas          Tloc           #.........   98%         3    ###....
 Lesser Beckoning         Tloc           #.........   98%         3    ###....
 Teleport Other           Tloc           #.......     98%         3    ###....
 Call Canine Familiar     Summ           #.......     99%         3    ###....
 Confuse                  Hex            #.......     99%         3    ###....
 Conjure Flame            Conj/Fire      #.......     99%         3    ###....
 Dazzling Spray           Conj/Hex       #.....       99%         3    ###....
 Ignite Poison            Fire/Tmut/Pois #.......     99%         3    ###....
 Inner Flame              Hex/Fire       #.......     99%         3    ###....
 Mephitic Cloud           Conj/Pois/Air  #.......     99%         3    ###....
 Portal Projectile        Hex/Tloc       #.....       99%         3    ###....
 Recall                   Summ/Tloc      N/A          99%         3    ###....
 Spider Form              Tmut/Pois      #.........   99%         3    ###....
 Static Discharge         Conj/Air       #.......     99%         3    ###....
 Stone Arrow              Conj/Erth      #.....       99%         3    ###....
 Summon Guardian Golem    Hex/Summ       #.......     99%         3    ###....
 Tukima's Dance           Hex            #.......     99%         3    ###....
 Vampiric Draining        Necr           #.........   99%         3    ###....
 Airstrike                Air            #.........   100%        4    ####...
 Animate Dead             Necr           N/A          100%        4    ####...
 Cause Fear               Hex            #.........   100%        4    ####...
 Force Lance              Conj/Tloc      #.......     100%        4    ####...
 Ice Form                 Ice/Tmut       #.......     100%        4    ####...
 Leda's Liquefaction      Hex/Erth       #.........   100%        4    ####...
 Petrify                  Tmut/Erth      #.......     100%        4    ####...
 Sticky Flame             Conj/Fire      #.......     100%        4    ####...
 Summon Ice Beast         Ice/Summ       #.......     100%        4    ####...
 Summon Lightning Spire   Summ/Air       #.......     100%        4    ####...
 Throw Icicle             Conj/Ice       #.......     100%        4    ####...
 Alistair's Intoxication  Tmut/Pois      #.......     100%        5    ######.
 Aura of Abjuration       Summ           #.........   100%        5    ######.
 Blade Hands              Tmut           #.........   100%        5    ######.
 Borgnjor's Vile Clutch   Necr/Erth      #.........   100%        5    ######.
 Fireball                 Conj/Fire      #.........   100%        5    ######.
 Irradiate                Conj/Tmut      #.........   100%        5    ######.
 Lightning Bolt           Conj/Air       #.........   100%        5    ######.
 Metabolic Englaciation   Hex/Ice        #.........   100%        5    ######.
 Silence                  Hex/Air        #.........   100%        5    ######.
 Summon Demon             Summ           #.........   100%        5    ######.
 Summon Forest            Summ/Tloc      #.........   100%        5    ######.
 Summon Mana Viper        Hex/Summ       #.......     100%        5    ######.
 Bolt of Cold             Conj/Ice       #.........   100%        6    #######
 Darkness                 Hex            #.........   100%        6    #######
 Dispersal                Tloc           #.........   100%        6    #######
 Freezing Cloud           Conj/Ice/Air   #.........   100%        6    #######
 Hydra Form               Tmut           #.........   100%        6    #######
 Invisibility             Hex            #.......     100%        6    #######
 Ozocubu's Refrigeration  Ice            #.........   100%        6    #######
 Shadow Creatures         Summ           N/A          100%        6    #######
 Simulacrum               Ice/Necr       #.........   100%        6    #######
 Ring of Flames           Chrm/Fire      #.........   100%        7    #######
 Summon Hydra             Summ           #.........   100%        7    #######
 Controlled Blink         Tloc           N/A          100%        8    #######
 Disjunction              Tloc           #.........   100%        8    #######


Dungeon Overview and Level Annotations

Branches:
Dungeon (15/15)            Temple (0/1) D:7            Lair (6/6) D:8
  Swamp (4/4) Lair:3       Spider (4/4) Lair:4        Slime (0/5) Lair:6
    Orc (2/2) D:10            Elf (3/3) Orc:2        Vaults (4/5) D:13
  Crypt (1/3) Vaults:2     Depths (5/5) D:15            Zot (0/5) Depths:5

Altars:
Dithmenos
Fedhas
Gozag
Hepliaklqana
Kikubaaqudgha
Makhleb
Nemelex Xobeh
Okawaru
Qazlal
Ru
Sif Muna
Uskayaw
Vehumet
Wu Jian
Xom
Yredelemnul
Zin
The Shining One
Beogh
Jiyva

Shops:
D:8 [   D:9 *   Orc:1 [(   Orc:2 [=?([   Elf:3 =   Vaults:3 [%   Depths:5 [}=}

Portals:
Hell: Depths:1 Depths:2 Depths:3 Depths:4 Depths:5
Abyss: Depths:2 Depths:4
Pandemonium: Depths:1 Depths:3
Ziggurat: Depths:1

Annotations:
D:7 exclusion: downstairs
D:8 exclusion: downstairs
Orc:1 exclusion: 3 doors
Elf:1 exclusion: downstairs
Elf:2 3 runed doors, exclusion: 3 doors
Vaults:3 exclusion: 2 downstairs
Vaults:4 Mennas
Depths:2 3 runed doors, exclusion: 3 doors, Sewnacsa's ghost, adept FeFi
Depths:3 Xtahua


Innate Abilities, Weirdness & Mutations

You have hooves in place of feet.
Armour fits poorly on your strangely shaped body.
You cover ground very quickly.
You have extremely tough skin. (AC +3)
[Scrolls take you longer to read.]
[You are very clumsy. (Dex -4)]
[Your body sometimes deteriorates upon taking damage.]
[You are very dopey. (Int -4)]
[You are very frail. (-20% HP)]
[You do not regenerate when monsters are visible.]
[You are often teleported next to monsters.]
[You are very weak. (Str -4)]
[Potions are poor at restoring your health.]
[Your spells are much easier to cast, but much less powerful.]


Message History

Your angel hits the wretched star but does no damage.
Your angel barely misses the wretched star.
The starcursed mass engulfs you but does no damage.
Your angel hits the wretched star but does no damage. x2
The tentacled starspawn bites you but does no damage.
The tentacled starspawn engulfs you but does no damage.
The wretched star glows turbulently.
The orb of energy hits your angel.
* * * LOW HITPOINT WARNING * * *
The starspawn tentacle constricts you. The starcursed mass engulfs you.
* * * LOW HITPOINT WARNING * * *
You begin reading the scroll.
You continue reading the scroll.
Your angel closely misses the wretched star.
Your angel hits the wretched star with a +3 whip of holy wrath.
The starcursed mass engulfs you!
* * * LOW HITPOINT WARNING * * *
The tentacled starspawn bites you!
* * * LOW HITPOINT WARNING * * *
The tentacled starspawn engulfs you!
You die... ....... . # . #..... .. #. #..... . # #. .... ((# #... .XX

(..#
#..##X##(.# .
#...w*XX..# .#
#..wX@XX..# .#
#####*#####.##
# #∩A##..#. ##
#....# .#. .
#...#..# .. #
# #.. .#.... .
. # . #..#..#.
.# #.## #.
.#..#..... #
.. ### # #
.#.#.# #....


You could see 7 starcursed masses, a tentacled starspawn, 2 wretched stars, 2
starspawn tentacles and a friendly angel.

Vanquished Creatures
  A juggernaut (Depths:5)
  Frederick (Depths:4)
  A bone dragon (Depths:5)
  Arachne (Spider:2)
  Rupert (Lair:3)
  4 tentacled monstrosities
  8 liches
  2 titans
  2 deep elf master archers (Elf:3)
  Asterion (Spider:2)
  Gastronok (D:9)
  2 tentacled starspawn
  4 sphinxes
  A thorn hunter (Swamp:3)
  A shadow dragon (Depths:5)
  The ghost of foolusion the Severer, an adept HOFi of Beogh (Swamp:4)
  Kirke (D:13)
  A tengu reaver (D:15)
  8 fire giants
  An orc warlord (Elf:1)
  2 deep elf sorcerers (Depths:2)
  3 iron dragons (Depths:4)
  9 frost giants
  2 cacodemons
  4 ghost moths
  A draconian scorcher (Depths:5)
  Louise (Depths:2)
  7 emperor scorpions (Spider:4)
  14 stone giants
  6 ironheart preservers
  3 deep elf elementalists (Elf:3)
  2 spriggan defenders
  A draconian stormcaller (Depths:5)
  32 very ugly things
  A green draconian (Depths:5)
  3 entropy weavers
  14 deep elf annihilators
  Azrael (Spider:2)
  A white draconian (Depths:5)
  3 deep elf demonologists (Elf:3)
  A red draconian (Depths:5)
  A purple draconian (Depths:5)
  4 vampire knights
  A spark wasp (Depths:3)
  A blizzard demon (Depths:2)
  An ettin (shapeshifter) (Depths:4)
  4 deep elf death magi
  A merfolk javelineer (Depths:4)
  3 merfolk impalers (Depths:4)
  10 ettins
  Josephine (Orc:1)
  10 fire dragons
  3 jiangshi (Depths:5)
  6 deep elf high priests
  12 ogre magi
  10 great orbs of eyes
  3 rakshasas
  Erolcha (D:12)
  8 yaktaur captains
  8 ice dragons
  3 spriggan air magi
  2 ghost crabs
  22 hydras
  8 vault guards (D:13)
  3 shambling mangroves
  11 centaur warriors
  44 two-headed ogres
  A queen ant (Lair:4)
  14 dancing weapons
  2 death knights
  Erica (D:11)
  The ghost of Mango the Tainter, a novice NaVM of Ru (D:10)
  14 alligators
  10 deep troll shamans
  A queen ant (shapeshifter) (D:15)
  4 tengu warriors
  9 deep troll earth magi
  10 orc high priests
  A death yak (Lair:3)
  4 spriggan berserkers
  A vampire mage (Depths:5)
  Nergalle (Lair:3)
  3 wretched stars
  7 deep elf knights
  A sun demon (Depths:1)
  8 hell knights
  3 sixfirhies
  6 iron trolls
  A shadow wraith (Vaults:2)
  10 large abominations
  4 spriggan druids
  4 skeletal warriors (D:14)
  5 unseen horrors
  A deep troll (shapeshifter) (Depths:4)
  13 wizards
  29 deep trolls
  3 glowing orange brains
  4 swamp dragons
  5 deep elf archers
  A flayed ghost (Vaults:3)
  9 necromancers
  8 harpies
  2 phantasmal warriors (Depths:5)
  An anaconda skeleton (Abyss:1)
  9 ironbrand convokers
  An orb spider (shapeshifter) (Depths:4)
  7 orc knights
  19 orb spiders
  37 ugly things
  6 cyclopes
  A mana viper (shapeshifter) (Depths:1)
  2 orc sorcerers
  44 deep elf magi
  42 wolf spiders
  3 moths of wrath
  3 manticores
  An oklob plant (Lair:6)
  3 centaur zombies
  3 worldbinders (Abyss:1)
  9 black mambas
  Maurice (Orc:1)
  2 gargoyles
  2 smoke demons (Abyss:1)
  2 ice statues (Depths:2)
  A spiny frog (shapeshifter) (Vaults:1)
  3 torpor snails
  2 eyes of devastation (shapeshifter)
  3 vault sentinels
  3 orange demons
  2 minotaur zombies (Gauntlet)
  A guardian serpent (Depths:5)
  21 spiny frogs
  A kobold demonologist (D:13)
  5 rime drakes
  3 freezing wraiths
  9 komodo dragons
  17 demonic crawlers
  2 efreet
  29 yaktaurs
  6 ice devils
  A tormentor (Depths:1)
  2 tengu conjurers
  2 ancient zymes (Abyss:1)
  A jumping spider (shapeshifter) (Depths:3)
  7 trolls
  A meliai (shapeshifter) (Elf:1)
  37 jumping spiders
  3 queen bees
  29 hornets
  4 polar bears
  6 tyrant leeches
  A hornet (shapeshifter) (Vaults:2)
  50 slime creatures
  16 hippogriffs
  9 bog bodies
  13 blink frogs
  A hippogriff (shapeshifter) (Depths:1)
  A fire giant simulacrum (Abyss:1)
  2 raiju (Abyss:1)
  Prince Ribbit (D:9)
  4 air elementals
  7 dream sheep (Lair:4)
  A centaur simulacrum (D:15)
  7 wraiths
  43 yaks
  2 ynoxinuls
  4 starcursed masses (Abyss:3)
  16 water elementals
  20 tarantellas
  4 wyverns
  88 redbacks
  23 spriggans
  4 hogs (D:13)
  4 shadows
  A hog (shapeshifter) (Vaults:1)
  5 fire elementals
  4 basilisks
  4 fire bats (D:14)
  2 hungry ghosts
  A yaktaur simulacrum (Vaults:1)
  13 golden eyes (Abyss:1)
  45 vampire mosquitoes
  Edmund (D:6)
  6 insubstantial wisps
  9 wargs
  11 swamp worms
  2 acid dragons
  4 hell hounds
  18 water moccasins
  2 floating eyes
  22 soldier ants
  7 porcupines
  Duvessa (D:4)
  4 swamp drakes (Swamp:4)
  A hydra simulacrum (Swamp:4)
  30 orc warriors
  6 ice beasts
  5 black bears
  An eye of draining (D:10)
  6 sky beasts
  2 phantoms
  2 hornet zombies
  3 necrophages
  30 wolves
  27 ogres
  10 boggarts
  15 centaurs
  16 crocodiles
  Blork the orc (D:6)
  6 big kobolds
  A gnoll sergeant (D:5)
  2 wyvern zombies
  15 bullfrogs
  Dowan (D:3)
  A water moccasin skeleton (D:6)
  3 scorpions
  5 small abominations (Abyss:1)
  61 killer bees
  17 wights
  3 howler monkeys
  11 crimson imps
  2 lava snakes (D:14)
  4 human zombies (D:7)
  4 quasits
  3 hounds
  31 orc priests
  A jelly (D:7)
  5 bullfrog skeletons
  4 centaur skeletons
  2 iron imps
  A gnoll shaman (D:10)
  12 orc wizards
  A human skeleton (D:7)
  6 iguanas
  A killer bee zombie (D:6)
  27 worker ants
  2 mummies (D:7)
  A hound skeleton (D:10)
  Robin (D:4)
  2 worker ant zombies
  10 adders
  17 gnolls
  5 shadow imps
  4 white imps
  An ooze (D:1)
  An adder skeleton (D:4)
  An adder zombie (D:8)
  2 worms (D:2)
  2 dart slugs
  8 leopard geckos
  84 orcs
  8 bats
  4 giant cockroaches
  19 goblins
  14 hobgoblins
  8 jackals
  5 quokkas
  A ball python (D:7)
  4 frilled lizards
  42 kobolds
  2 leopard gecko skeletons (D:7)
  A leopard gecko zombie (D:6)
  An orc zombie (D:7)
  A quokka skeleton (D:5)
  A quokka zombie (D:7)
  9 rats
  A bush (D:8)
  2 crawling corpses (Elf:3)
  A fire vortex (D:14)
  2 fungi
  A lurking horror (Abyss:1)
  6 plants (D:8)
  A starspawn tentacle (Abyss:3)
2078 creatures vanquished.

Vanquished Creatures (collateral kills)
  Margery (Depths:3)
  A deep elf sorcerer (Elf:3)
  A deep elf elementalist (Elf:3)
  A stone giant (Depths:5)
  A deep elf annihilator (Elf:3)
  A minotaur (Gauntlet)
  A deep elf demonologist (Elf:3)
  A black draconian (Depths:5)
  2 yaktaur captains (Depths:3)
  A deep elf death mage (Elf:3)
  A deep elf high priest (Depths:5)
  8 hydras
  A great orb of eyes (Depths:3)
  A deep troll shaman (Depths:3)
  A shambling mangrove (Swamp:4)
  A ghost crab (Swamp:4)
  2 alligators
  A tengu warrior (D:13)
  2 spriggan berserkers
  A deep elf knight (Elf:2)
  2 hell knights (Depths:3)
  A spectral hydra (Swamp:4)
  A swamp dragon (Swamp:4)
  A rust devil (Abyss:3)
  A small abomination (Elf:3)
  4 tyrant leeches
  A slime creature (Swamp:3)
  2 bog bodies (Swamp:4)
  A spriggan (Swamp:3)
  5 vampire mosquitoes
  2 neqoxecs (Gauntlet)
  A wraith (Orc:1)
  2 insubstantial wisps (Swamp:3)
  3 swamp worms
  2 wargs (Orc:1)
  3 swamp drakes (Swamp:4)
  4 killer bees (Lair:1)
  2 plants (D:8)
68 creatures vanquished.

Vanquished Creatures (others)
  An ogre (Vaults:2)
  A fire vortex (D:14)
  5 fungi
  3 plants
  10 starspawn tentacles
20 creatures vanquished.

Grand Total: 2166 creatures vanquished

Notes
Turn   | Place    | Note
-------+----------+-------------------------------------------
     0 | D:1      | DrEnzyme the Centaur Wanderer began the quest for the Orb.
     0 | D:1      | DrEnzyme set off with the following items: a +2 hand
                  | crossbow, 25 bolts, a +0 mace, a potion of curing, a +0
                  | robe, a ration
     0 | D:1      | Reached XP level 1. HP: 17/17 MP: 2/2
   124 | D:1      | Reached XP level 2. HP: 25/25 MP: 3/3
   377 | D:1      | Reached skill level 3 in Fighting
   377 | D:1      | Reached XP level 3. HP: 31/31 MP: 4/4
   618 | D:2      | Found a blossoming altar of Fedhas.
   798 | D:2      | Reached XP level 4. HP: 38/38 MP: 5/5
   845 | D:2      | Found a burning altar of Makhleb.
   845 | D:2      | Noticed a green death
   870 | D:2      | Found a hide-covered altar of Uskayaw.
   870 | D:2      | Found a deep blue altar of Sif Muna.
   884 | D:2      | Found a shadowy altar of Dithmenos.
   897 | D:2      | Found an opulent altar of Gozag.
   899 | D:2      | Found a glowing golden altar of the Shining One.
   918 | D:2      | Became a worshipper of the Shining One
  1795 | D:3      | Reached XP level 5. HP: 33/45 MP: 6/6
  2178 | D:3      | Found a glowing silver altar of Zin.
  2376 | D:4      | Noticed Dowan
  2379 | D:4      | Reached skill level 4 in Fighting
  2379 | D:4      | Noticed Duvessa
  2974 | D:4      | Reached XP level 6. HP: 41/52 MP: 7/7
  2993 | D:4      | Noticed Robin
  2999 | D:4      | Killed Robin
  3262 | D:5      | Entered Level 5 of the Dungeon
  3280 | D:5      | Noticed a sky beast
  3779 | D:3      | Killed a sky beast
  3779 | D:3      | Reached skill level 5 in Crossbows
  4107 | D:5      | Reached skill level 1 in Armour
  4163 | D:5      | Reached XP level 7. HP: 38/60 MP: 8/8
  4540 | D:5      | Reached skill level 1 in Bows
  4730 | D:5      | Reached skill level 5 in Fighting
  5276 | D:4      | Killed Duvessa
  5276 | D:4      | Reached skill level 5 in Bows
  5562 | D:4      | Reached * piety under the Shining One
  5562 | D:4      | Reached XP level 8. HP: 56/69 MP: 9/9
  5999 | D:6      | Noticed Edmund
  6502 | D:6      | Noticed Blork the orc
  6503 | D:6      | Upgraded the game from 0.23-a0-673-g3803c42 to
                  | 0.23-a0-676-g03697e9
  6528 | D:6      | Killed Blork the orc
  6690 | D:6      | Reached skill level 6 in Fighting
  7021 | D:6      | Killed Edmund
  7177 | D:6      | Found a hazy altar of Hepliaklqana.
  7500 | D:7      | Found a stormy altar of Qazlal.
  7814 | D:7      | Reached XP level 9. HP: 77/77 MP: 10/10
  7840 | D:7      | Got a wavering ivory ring
  7841 | D:7      | Identified the ring of Nemelex Xobeh's Pride {MR+ Dex+5}
                  | (You found it on level 7 of the Dungeon)
  7874 | D:7      | Reached skill level 10 in Bows
  7896 | D:7      | Found a sparkling altar of Nemelex Xobeh.
  8104 | D:7      | Found a radiant altar of Vehumet.
  8311 | D:7      | Reached ** piety under the Shining One
  8813 | D:7      | Found an ancient bone altar of Kikubaaqudgha.
  9169 | D:7      | Found a staircase to the Ecumenical Temple.
  9220 | D:7      | Reached skill level 7 in Fighting
 10090 | D:7      | Reached XP level 10. HP: 51/88 MP: 11/11
 10436 | D:8      | Found a staircase to the Lair.
 10437 | D:8      | Reached *** piety under the Shining One
 10698 | D:7      | Reached skill level 8 in Fighting
 11623 | D:8      | Reached **** piety under the Shining One
 11729 | D:8      | Got a twitching silver amulet
 11730 | D:8      | Identified the amulet "Pashaoc" {Inacc Int+3} (You found it
                  | on level 8 of the Dungeon)
 11764 | D:8      | Found Funainn's Armour Shoppe.
 12515 | D:9      | Noticed Gastronok
 13547 | D:9      | Found an ornate altar of the Wu Jian Council.
 13562 | D:9      | Reached skill level 9 in Fighting
 13923 | D:9      | Noticed a cyclops
 14957 | D:9      | Noticed Prince Ribbit
 14962 | D:9      | Reached XP level 11. HP: 94/97 MP: 12/12
 15005 | D:9      | Killed Prince Ribbit
 15098 | D:9      | Killed Gastronok
 15380 | D:9      | Found Cenirch's Assorted Antiques.
 15554 | D:9      | Found a stormy altar of Qazlal.
 15556 | D:9      | Found a deep blue altar of Sif Muna.
 15556 | D:9      | Found a hazy altar of Hepliaklqana.
 15558 | D:9      | Found a shimmering altar of Xom.
 15558 | D:9      | Found a sparkling altar of Nemelex Xobeh.
 15558 | D:9      | Found a stormy altar of Qazlal.
 15673 | D:10     | Entered Level 10 of the Dungeon
 15808 | D:10     | Reached skill level 10 in Fighting
 15814 | D:10     | Identified the +4 plate armour "Fetrotz" {rElec Str+4}
 16002 | D:10     | Found a runed door.
 16002 | D:10     | Noticed Mango's ghost (novice NaVM)
 16002 | D:10     | Reached ***** piety under the Shining One
 16005 | D:10     | Noticed a death knight
 16290 | D:10     | Found a staircase to the Orcish Mines.
 16367 | D:10     | Reached skill level 1 in Invocations
 16402 | D:10     | Noticed an orc knight
 16402 | D:10     | Noticed a deep elf mage
 16519 | D:10     | Got a translucent marble ring
 16536 | D:9      | Identified the ring "Cenlal" {AC+1 Int+8 Slay-5 Stlth+}
                  | (You found it on level 10 of the Dungeon)
 16565 | Lair:1   | Entered Level 1 of the Lair of Beasts
 16646 | Lair:1   | Reached skill level 5 in Armour
 16689 | Lair:1   | Noticed a six-headed hydra
 16776 | Lair:1   | Killed a six-headed hydra
 17336 | Lair:1   | Reached skill level 11 in Fighting
 18164 | Lair:2   | Reached skill level 1 in Short Blades
 18209 | Lair:1   | Reached XP level 12. HP: 37/110 MP: 14/14
 19547 | Lair:2   | Reached skill level 12 in Fighting
 19846 | Lair:3   | Noticed Nergalle
 20092 | Lair:2   | Found the +8 whip "Snakebite" {curare, rPois}
 20242 | Lair:3   | Killed Nergalle
 20466 | Lair:3   | Noticed Rupert
 20563 | Lair:3   | Found a staircase to the Swamp.
 20636 | Lair:3   | Killed Rupert
 20636 | Lair:3   | Reached skill level 1 in Maces & Flails
 20636 | Lair:3   | Reached skill level 5 in Invocations
 20709 | Lair:3   | Upgraded the game from 0.23-a0-676-g03697e9 to
                  | 0.23-a0-677-g07611c5
 20906 | Lair:3   | Noticed an eight-headed hydra
 20953 | Lair:3   | Killed an eight-headed hydra
 20953 | Lair:3   | Reached skill level 13 in Fighting
 21563 | Lair:4   | Found a gate leading to a gauntlet.
 21648 | Lair:4   | Reached XP level 13. HP: 87/122 MP: 17/17
 21702 | Gauntlet | Entered a Gauntlet
 21702 | Gauntlet | Found a runed door.
 21702 | Gauntlet | Found a transporter.
 21702 | Gauntlet | Found a runed door.
 21702 | Gauntlet | Found a runed door.
 21702 | Gauntlet | Found a transporter.
 21703 | Gauntlet | Found a runed door.
 21704 | Gauntlet | Found a transporter.
 21704 | Gauntlet | Found a transporter.
 21708 | Gauntlet | Found a transporter.
 21708 | Gauntlet | Found a transporter.
 21738 | Gauntlet | Found a runed gate.
 21738 | Gauntlet | Found a runed gate.
 21738 | Gauntlet | Found a runed gate.
 21740 | Gauntlet | Found a transporter.
 21744 | Gauntlet | Found a transporter.
 21753 | Gauntlet | Found a transporter.
 21753 | Gauntlet | Noticed a blizzard demon
 21768 | Gauntlet | Found a transporter.
 21771 | Gauntlet | Noticed a cacodemon
 21783 | Gauntlet | Found a transporter.
 21787 | Gauntlet | Found a transporter.
 21788 | Gauntlet | Found the ring of Robustness {AC+8}
 22415 | Gauntlet | Killed a cacodemon
 22415 | Gauntlet | Reached skill level 10 in Crossbows
 22563 | Gauntlet | Noticed a minotaur
 22572 | Gauntlet | Killed a minotaur
 22705 | Gauntlet | Found the +0 mask of the Dragon {MR+ Slay+3 SInv}
 22985 | Lair:4   | Found a hole to the Spider Nest.
 23269 | Lair:4   | Noticed an entropy weaver
 23307 | Lair:3   | Killed an entropy weaver
 23677 | Lair:4   | Noticed an entropy weaver
 23903 | Lair:3   | an entropy weaver changed into a death yak
 24582 | Lair:4   | Reached skill level 14 in Fighting
 26422 | Orc:1    | Entered Level 1 of the Orcish Mines
 26442 | Orc:1    | Found Affaguji's Weapon Boutique.
 26468 | Orc:1    | Found Juafeax's Armour Boutique.
 26511 | Orc:1    | Found the +8 mithril axe "Arga" {speed, MR+}
 26511 | Orc:1    | Found a flagged portal.
 26520 | Bailey   | Entered a bailey
 26594 | Bailey   | Found a burning altar of Makhleb.
 26808 | Orc:1    | Noticed a stone giant
 26861 | Orc:1    | Killed a stone giant
 27125 | Orc:1    | Noticed Maurice
 27130 | Orc:1    | Killed Maurice
 27261 | Orc:1    | Noticed Josephine
 27286 | Orc:1    | Killed Josephine
 27286 | Orc:1    | Reached skill level 15 in Bows
 27286 | Orc:1    | Reached XP level 14. HP: 133/133 MP: 20/20
 27574 | D:10     | Reached skill level 15 in Fighting
 27723 | D:11     | Reached XP level 15. HP: 141/141 MP: 21/21
 27960 | D:11     | Noticed Erica
 27968 | D:11     | Killed Erica
 28085 | D:11     | Found an iron altar of Okawaru.
 29152 | D:12     | Reached skill level 16 in Fighting
 29563 | D:12     | Noticed Erolcha
 29607 | D:12     | Killed Erolcha
 30674 | D:13     | Reached skill level 5 in Throwing
 30891 | D:13     | Reached ****** piety under the Shining One
 31086 | D:13     | Reached skill level 17 in Fighting
 31086 | D:13     | Reached skill level 5 in Evocations
 31266 | D:13     | Noticed Kirke
 31308 | D:13     | Killed Kirke
 31308 | D:13     | Reached skill level 1 in Stealth
 31377 | D:13     | Found a gate to the Vaults.
 31856 | D:14     | Got a bound tin ring
 31902 | D:14     | Identified the ring "Edoth" {rN++ AC+2 Slay-4} (You found
                  | it on level 14 of the Dungeon)
 32163 | D:14     | Found a sacrificial altar of Ru.
 32563 | D:15     | Entered Level 15 of the Dungeon
 32979 | D:14     | Reached XP level 16. HP: 136/157 MP: 16/22
 33381 | D:14     | Reached skill level 18 in Fighting
 34008 | D:15     | Noticed a sphinx
 34725 | D:15     | Found a staircase to the Depths.
 34838 | D:15     | Identified a +2 longbow of holy wrath (a +0 longbow blessed
                  | by the Shining One)
 34838 | D:15     | Received a gift from the Shining One
 34979 | Orc:1    | Noticed Urug
 34981 | Orc:1    | Noticed Urug
 34981 | Orc:1    | Urug changed into Urug the komodo dragon
 34985 | Orc:1    | Killed Urug the komodo dragon
 35453 | Orc:2    | Entered Level 2 of the Orcish Mines
 35455 | Orc:2    | Found a staircase to the Elven Halls.
 35781 | Orc:2    | Found Ivaki's Armour Shoppe.
 36143 | Orc:2    | Found Rayjusk's Antique Weapon Boutique.
 36143 | Orc:2    | Found Reer Ene's Armour Emporium.
 36180 | Orc:2    | Found a roughly hewn altar of Beogh.
 36377 | Orc:2    | Found Esoleut's Jewellery Boutique.
 36377 | Orc:2    | Found Seoden's Magic Scroll Emporium.
 36386 | Orc:2    | Bought a scroll of teleportation for 45 gold pieces
 36386 | Orc:2    | Bought a scroll of blinking for 112 gold pieces
 36720 | Elf:1    | Entered Level 1 of the Elven Halls
 38512 | Elf:2    | Reached skill level 19 in Fighting
 38622 | Elf:2    | Reached XP level 17. HP: 161/168 MP: 23/23
 38680 | Elf:2    | Found a runed gate.
 38680 | Elf:2    | Found a runed gate.
 38680 | Elf:2    | Found a runed gate.
 39252 | Elf:3    | Entered Level 3 of the Elven Halls
 39630 | Elf:3    | Found Vaaroraol's Jewellery Shoppe.
 39966 | Elf:3    | Upgraded the game from 0.23-a0-677-g07611c5 to
                  | 0.23-a0-681-g26ad783
 40289 | Elf:3    | Identified the cursed +1 flail "Lifebane" {flame, Str+4}
 41038 | Elf:3    | Noticed a deep elf master archer
 41060 | Elf:3    | Killed a deep elf master archer
 41426 | Elf:3    | Noticed a Brimstone Fiend
 41561 | Elf:3    | Found the +7 Singing Sword {slice, sonic wave}
 41566 | Elf:3    | Identified the +7 shortbow "Wemucs" {velocity, +Fly rF- rN+
                  | Str+3} (You found it on level 3 of the Elven Halls)
 41568 | Elf:3    | Identified the Compendium of Warped Companions
 42078 | Elf:3    | Noticed a deep elf master archer
 42099 | Elf:3    | Killed a deep elf master archer
 42420 | Swamp:1  | Entered Level 1 of the Swamp
 42480 | Swamp:1  | Reached skill level 1 in Polearms
 43919 | Swamp:2  | Reached XP level 18. HP: 65/178 MP: 25/25
 44294 | Swamp:2  | Reached skill level 10 in Invocations
 44474 | Swamp:2  | Learned a level 1 spell: Apportation
 44476 | Swamp:2  | Learned a level 1 spell: Summon Butterflies
 44630 | Swamp:2  | You fall through a shaft!
 44782 | Swamp:3  | Reached skill level 20 in Fighting
 45468 | Swamp:4  | Entered Level 4 of the Swamp
 46024 | Swamp:4  | Found a transporter.
 46024 | Swamp:4  | Noticed foolusion's ghost (adept HOFi)
 46037 | Swamp:4  | Found a transporter.
 47049 | Swamp:4  | Got a decaying rune of Zot
 47595 | D:3      | Fell from the grace of the Shining One
 47595 | D:3      | Became a worshipper of Zin the Law-Giver
 47595 | D:3      | Reached * piety under Zin
 47595 | D:3      | Reached ** piety under Zin
 47595 | D:3      | Reached *** piety under Zin
 47595 | D:3      | Reached **** piety under Zin
 47595 | D:3      | Reached ***** piety under Zin
 47819 | Spider:1 | Entered Level 1 of the Spider Nest
 47828 | Spider:1 | Reached skill level 5 in Polearms
 48320 | Spider:1 | You fall through a shaft!
 48360 | Spider:2 | Noticed Azrael
 48371 | Spider:2 | Killed Azrael
 48539 | Spider:2 | Noticed Asterion
 48549 | Spider:2 | Killed Asterion
 49486 | Spider:2 | Reached XP level 19. HP: 188/188 MP: 26/26
 49701 | Spider:2 | Upgraded the game from 0.23-a0-681-g26ad783 to
                  | 0.23-a0-687-gb50ad93
 49803 | Spider:2 | Reached skill level 21 in Fighting
 50411 | Spider:2 | Noticed Arachne
 50427 | Spider:2 | Killed Arachne
 52390 | Spider:4 | Entered Level 4 of the Spider Nest
 55946 | Spider:4 | Got a gossamer rune of Zot
 56620 | D:2      | Fell from the grace of Zin
 56620 | D:2      | Became a worshipper of the Shining One
 56650 | D:3      | Killed Dowan
 56781 | D:9      | Bought a blackened wooden wand for 116 gold pieces
 56950 | Vaults:1 | Entered Level 1 of the Vaults
 57193 | Vaults:1 | Reached skill level 22 in Fighting
 58736 | Vaults:1 | Reached XP level 20. HP: 120/200 MP: 27/27
 59458 | Vaults:1 | Upgraded the game from 0.23-a0-687-gb50ad93 to
                  | 0.23-a0-690-g0a1fc62
 59915 | Vaults:2 | Found a staircase to the Crypt.
 59915 | Vaults:2 | Found a basalt altar of Yredelemnul.
 59915 | Vaults:2 | Found an ancient bone altar of Kikubaaqudgha.
 61546 | Vaults:3 | Found Lim Ibby's Food Emporium.
 62301 | Vaults:3 | Found Foacepeo's Antique Armour Boutique.
 62498 | Vaults:3 | Reached skill level 23 in Fighting
 62800 | Vaults:3 | Reached skill level 10 in Polearms
 63275 | Vaults:4 | Noticed Mennas
 63636 | Lair:6   | Entered Level 6 of the Lair of Beasts
 63640 | Lair:6   | Reached skill level 10 in Armour
 63862 | Lair:6   | Found a staircase to the Slime Pits.
 63954 | Lair:6   | Reached XP level 21. HP: 211/211 MP: 28/28
 64398 | Lair:6   | Found a viscous altar of Jiyva.
 64910 | Lair:6   | Found the +5 robe of Misfortune {*Contam Harm *Corrode
                  | *Drain *Slow EV+5}
 65715 | Orc:2    | Bought a scroll of enchant armour for 112 gold pieces
 65986 | D:10     | Killed Mango's ghost
 66300 | Depths:1 | Entered Level 1 of the Depths
 67124 | Depths:1 | Reached skill level 24 in Fighting
 67433 | Depths:1 | Found a one-way gate leading to the halls of Pandemonium.
 67545 | Depths:1 | Found a gateway to a ziggurat.
 68075 | Depths:1 | Found a gateway to Hell.
 68448 | Depths:2 | Identified the cursed +0 large shield "Sitoffypn" {Str+5
                  | Dex-3} (You found it on level 2 of the Depths)
 68535 | Depths:2 | Found a runed gate.
 68539 | Depths:2 | Found a runed gate.
 68539 | Depths:2 | Found a runed gate.
 68540 | Depths:2 | Noticed an ancient lich
 68542 | Depths:2 | Noticed Sewnacsa's ghost (adept FeFi)
 68584 | Depths:2 | Found a one-way gate to the infinite horrors of the Abyss.
 68586 | Depths:2 | Noticed Louise
 68613 | Depths:2 | Killed Louise
 69230 | Depths:2 | Reached XP level 22. HP: 224/224 MP: 29/29
 69849 | Depths:3 | Got a bound wooden ring
 69905 | Depths:3 | Reached skill level 5 in Spellcasting
 70186 | Depths:2 | Identified the ring "Zioxtiz" {Ice -Tele Dex+4 SInv} (You
                  | found it on level 3 of the Depths)
 70726 | Depths:3 | Identified the cursed ring of Zefyk {*Corrode AC-2 Dex+6}
 70846 | Depths:3 | Found a burning altar of Makhleb.
 70846 | Depths:3 | Identified the amulet "Mequaste" {Acrobat rElec rF+}
 70850 | Depths:3 | Reached skill level 25 in Fighting
 70899 | Depths:3 | Got a sparkling lapis lazuli ring
 70905 | Depths:3 | Got a twitching ivory amulet
 70964 | Depths:3 | Noticed Margery
 70979 | Depths:3 | Killed Margery
 71017 | Depths:3 | Identified the ring of Huaziet {Str-4 Int+3 Dex+2 Slay+2}
                  | (You found it on level 3 of the Depths)
 71018 | Depths:3 | Identified the amulet of Ceofrus {RegenMP MR+ Dex+4} (You
                  | found it on level 3 of the Depths)
 71241 | Depths:3 | Noticed a caustic shrike
 71242 | Depths:3 | Noticed a caustic shrike
 71244 | Depths:3 | Noticed a caustic shrike
 71245 | Depths:3 | Noticed a caustic shrike
 71467 | Depths:3 | Noticed Xtahua
 71689 | Depths:3 | Paralysed by a hornet for 3 turns
 72483 | Swamp:4  | Killed foolusion's ghost
 72529 | Swamp:4  | Identified the cursed +1 fire dragon scales "Toxearr"
                  | {-Cast rF++ rC- rN+ MP+9} (You found it on level 4 of the
                  | Swamp)
 72886 | Depths:2 | Identified the +6 ice dragon scales of Acsuejiv {rF- rC++
                  | rN+ MR- Str+3 Int+3} (You found it on level 2 of the
                  | Depths)
 73205 | Depths:4 | Noticed Frederick
 73262 | Depths:4 | Killed Frederick
 73889 | Depths:4 | Reached XP level 23. HP: 218/236 MP: 33/33
 74277 | Depths:4 | Reached skill level 26 in Fighting
 75081 | Depths:5 | Entered Level 5 of the Depths
 75161 | Depths:5 | Noticed a juggernaut
 75815 | Depths:5 | Killed a juggernaut
 75909 | Depths:5 | Found a gate to the Realm of Zot.
 76089 | Depths:5 | Upgraded the game from 0.23-a0-690-g0a1fc62 to
                  | 0.23-a0-694-g178e528
 76547 | Depths:5 | Found Kighek's Gadget Shop.
 76549 | Depths:5 | Found Mesosea's Jewellery Shoppe.
 76550 | Depths:5 | Found Ynom Wyed's Gadget Shop.
 76603 | Depths:5 | Found Ehasedd's Antique Armour Emporium.
 77258 | Crypt:1  | Entered Level 1 of the Crypt
 77278 | Crypt:1  | Noticed a greater mummy
 77278 | Crypt:1  | Noticed a greater mummy
 77279 | Crypt:1  | Upgraded the game from 0.23-a0-694-g178e528 to
                  | 0.23-a0-696-gf95311e
 77611 | Depths:2 | Voluntarily entered the Abyss.
 78159 | Abyss:1  | Reached skill level 27 in Fighting
 78380 | Abyss:3  | Found a corrupted altar of Lugonu.
 78436 | Abyss:3  | Paralysed by accursed screaming for 1 turns
 78439 | Abyss:3  | HP: 5/192 [tentacled starspawn (15)]
 78439 | Abyss:3  | Mangled by a tentacled starspawn

Vault maps used:
D:1:      saegor_arrival_simple_e
D:2:      grunt_temple_overflow_open, makhleb_altar_promises_db,
          lemuel_coloured_pillars_altar, gammafunk_temple_overflow_elements
D:3:      zin_scriptorium
D:4:      first_ration, uniq_duvessa, uniq_robin
D:6:      kennysheep_mini_moat, nicolae_wand_duel, uniq_blork_the_orc,
          uniq_edmund
D:7:      lemuel_mausoleum_altar_kikubaaqudgha,
          nemelex_xobeh_ov_fountains_minmay, grunt_qazlal_sundering,
          kennysheep_mini, temple_hall, hex_large
D:8:      minmay_lair_entry_grove, serial_shops, nicolae_shop_stone,
          minmay_nine_imps
D:9:      lemuel_round_altar, doesnt_xom_only_xom, serial_shops, shop,
          david_nohive_1, uniq_gastronok, uniq_pikel, uniq_prince_ribbit1
D:10:     orc_0_dummy, ebering_ghost_inner_flame,
          minmay_fractal_squares_gapless_7
D:11:     minmay_tri_box, basic_altar, uniq_erica
D:12:     grunt_ministairs_10, uniq_erolcha
D:13:     erik_vaults_2, minmay_unpleasant_kobolds, uniq_kirke
D:14:     nicolae_ru_path_of_blood, hangedman_incinerator
D:15:     grunt_enter_depths_hoard, dk_noncrumbling_2, st_stairs_1,
          chequers_serial_rivers_small_b, grunt_decor_arrowhead,
          minmay_checkered_concentric_circles
Lair:1:   special_room, grunt_megastairs_4
Lair:2:   minmay_guarded_unrand_snakebite
Lair:3:   minmay_swamp_entry_worms, patterned_corridor, grunt_megastairs_1,
          serial_bayou_shore_b, uniq_rupert, uniq_nergalle
Lair:4:   spider_nest_entry_funnel_web, gauntlet_entry_generic, zaba_anthell,
          infiniplex_staircase_pool_2
Lair:5:   grunt_megastairs_2
Lair:6:   minmay_lair_end_enchanted_forest, slime_altar_1,
          grunt_forest_stairs_basic, minmay_lair_oklob_items,
          lemuel_fruit_fields
Swamp:1:  evilmike_swamp_ruin_house_5
Swamp:2:  nicolae_swamp_round_clearing
Swamp:3:  evilmike_swamp_ruin_house_6
Swamp:4:  swamp_basic_johnstein, gammafunk_ghost_mausoleum, swamp_pool2
Spider:1: spiders_nest_hornet_nest
Spider:2: uniq_azrael, uniq_arachne, uniq_asterion
Spider:3: spider_trap
Spider:4: guppyfry_spider_rune
Orc:1:    giant_chief_lemuel, enter_bailey_2, serial_shops,
          nicolae_shop_temple_entry_statues_fountains, shop, uniq_maurice,
          uniq_josephine, uniq_urug
Orc:2:    st_orc_town, serial_shops, shop
Elf:1:    eino_elf_arrival_customs, special_room, minivault_28,
          minmay_misc_feat_columns
Elf:3:    minmay_elf_hall_curves, serial_shops, shop
Vaults:1: serial_ice_h, vaults_mumra_minichess_inversion,
          vaults_mumra_chevron_long, vaults_room_stairs_pillars, v_misc_1,
          nicolae_vaults_puzzle_piece, v_misc_14, vaults_room_corners,
          v_misc_27, v_misc_11, nicolae_vaults_little_squares_2,
          grunt_vaults_focal
Vaults:2: minmay_crypt_entry_necro_gods, vaults_dpeg_ring, v_pattern_4,
          v_alt_pattern_2, vaults_room_hangedman_quadrants,
          ontoclasm_vaults_pinch, nicolae_vaults_little_ls
Vaults:3: v_alt_pattern_1, hangedman_vaults_corner,
          nicolae_vaults_little_squares_1, ontoclasm_vaults_loading_screen,
          nicolae_vaults_octagons, hangedman_vaults_trim, hangedman_vaults_trim,
          v_misc_13, v_misc_17, vaults_room_semicircle, serial_shops, shop,
          nicolae_shop_overgrown_old_shop
Vaults:4: v_rooms_3, ontoclasm_vaults_misaligned, v_misc_16,
          ontoclasm_vaults_fault, v_misc_25, nicolae_vaults_little_squares_1,
          v_misc_25, st_eye, grunt_vaults_trifunnel,
          nicolae_vaults_angled_halls, nicolae_vaults_little_squares_6,
          v_misc_14, v_misc_32, uniq_mennas, uniq_jory, uniq_sojobo
Crypt:1:  lemuel_minitomb, grunt_crypt_arrival_webbed, uniq_khufu
Depths:1: enter_ziggurat_e, serial_curves, eino_curves_04, eino_curves_02,
          eino_curves_01, grunt_hell_entry_dis_old, minmay_holes,
          rand_demon_pan_entry_1, minmay_misc_feat_four_crosses,
          serial_sigils_hangedman_shear, minmay_misc_feat_plants,
          grunt_ministairs_7, kennysheep_generic_room_11
Depths:2: minmay_tri_stars, nicolae_abyss_entry_one_way_or_another,
          hangedman_coc_ice_floe, gammafunk_ghost_necromancy, ice2_lemuel,
          infiniplex_staircase_zigzag_2
Depths:3: minmay_the_grid_triangle_9x9_rhombus_thin_mashed, lemuel_statue_altar,
          hell_entry, rand_demon_pan_entry_9, minmay_staircase_windowed_small,
          uniq_margery, uniq_xtahua
Depths:4: evilmike_lava_path, abyss_entry, grunt_metal_band, serial_sigils,
          serial_sigils_hangedman_confine, serial_sigils_hangedman_etch,
          serial_sigils_hangedman_shear, serial_sigils_hangedman_snap,
          serial_sigils_hangedman_clutch, interstate_on_off, uniq_frederick
Depths:5: grunt_zot_entry_tricorne, serial_shops, nicolae_shop_behind_doors,
          roderic_roman_lattice, hell_entry, fake_guardian_serpent_vault,
          minmay_shop_grove
Abyss:3:  nicolae_abyss_rune_star_stuff, minivault_19, minivault_25_ag
Bailey:   bailey_axe_3, bailey
Gauntlet: minmay_gauntlet_77_indecision

Skill      XL: |  1  2  3  4  5  6  7  8  9 10 11 12 13 14 15 16 17 18 19 20 21 22 23 |
---------------+----------------------------------------------------------------------+-----
Crossbows      | 2 3 4 5 6 8 9 10 | 10.0
Fighting       | 3 4 5 6 7 9 11 13 14 15 17 19 20 22 23 24 25 27 | 27.0
Armour         | 1 2 3 4 5 6 7 8 9 10 11 12 | 12.2
Bows           | 5 9 12 13 14 15 17 19 20 | 20.0
Invocations    | 3 5 8 9 10 | 10.2
Short Blades   | 1 |  1.7
Maces & Flails | 2 3 |  3.9
Evocations     | 2 4 5 6 8 9 |  9.3
Throwing       | 3 5 |  5.0
Stealth        | 1 |  1.0
Polearms       | 1 6 8 10 11 12 | 12.0
Spellcasting   | 4 7 9 |  9.3
Shields        | |  1.9
Charms         | |  2.6
Translocations | |  1.0

Action                   |  1- 3 |  4- 6 |  7- 9 | 10-12 | 13-15 | 16-18 | 19-21 | 22-24 || total
-------------------------+-------+-------+-------+-------+-------+-------+-------+-------++-------
Melee: Mace              |     4 |     2 |       |       |       |       |       |       ||     6
       Dagger            |       |    86 |    49 |   330 |       |       |       |       ||   465
       Kick              |       |    15 |    14 |   103 |   216 |   191 |   163 |   154 ||   856
       Whip              |       |       |       |    34 |   509 |   248 |     7 |       ||   798
       Broad axe         |       |       |       |       |       |     9 |       |       ||     9
       Lance             |       |       |       |       |       |   200 |   350 |   329 ||   879
 Fire: Hand crossbow     |    97 |   147 |     3 |   355 |     3 |       |       |       ||   605
       Shortbow          |       |       |   493 |   509 |   626 |   161 |       |       ||  1789
       Longbow           |       |       |       |       |       |  1099 |  1787 |   837 ||  3723
Throw: Javelin           |       |       |       |       |    28 |    29 |     2 |    11 ||    70
Invok: Summon Divine War |       |       |       |       |     6 |     6 |       |     8 ||    20
       Divine Shield     |       |       |       |       |     3 |    13 |    10 |     6 ||    32
       Cleansing Flame   |       |       |       |       |     1 |     2 |       |     1 ||     4
       Brand Weapon With |       |       |       |       |       |     1 |       |       ||     1
       Sanctuary         |       |       |       |       |       |     1 |     1 |       ||     2
 Abil: Evoke Invisibilit |       |       |       |       |       |     4 |     8 |       ||    12
       Evoke Flight      |       |       |       |       |       |     2 |     2 |     1 ||     5
       Stop Flying       |       |       |       |       |       |       |     1 |       ||     1
Evoke: Wand              |       |       |       |    15 |     1 |     5 |       |     2 ||    23
       Phial of floods   |       |       |       |     1 |       |       |       |       ||     1
  Use: Scroll            |       |     5 |     2 |    10 |    20 |     8 |    10 |    14 ||    69
       Potion            |       |       |     1 |    10 |     5 |       |       |     1 ||    17
 Stab: Invisible         |       |       |       |       |       |     8 |     3 |       ||    11
  Eat: Chunk             |       |     5 |     7 |    20 |    23 |    20 |    20 |     9 ||   104
       Ration            |       |     1 |     2 |     3 |     2 |     8 |     9 |     5 ||    30
Armor: Ring mail         |    42 |    11 |       |       |       |       |       |       ||    53
       Chain mail        |       |    91 |   137 |   260 |    13 |       |       |       ||   501
       Plate armour      |       |       |       |   249 |   335 |   617 |   693 |   286 ||  2180
       Skin              |       |       |       |       |    33 |       |       |       ||    33
Dodge: Dodged            |    20 |    25 |    42 |   156 |    78 |   158 |   187 |    38 ||   704
Block: Buckler           |       |    18 |       |       |     7 |       |       |       ||    25
       Other             |       |       |       |       |    21 |    49 |    20 |    14 ||   104

Table legend:
 A = Non-vault XP
 B = Vault XP
 C = Vault XP percentage of total XP
 D = Non-vault monster count
 E = Vault monster count
 F = Vault count percentage of total count
                 A         B        C        D         E       F
            +---------+---------+-------+---------+---------+-------
      Total |  580606 |  363776 |  38.5 |    1410 |     720 |  33.8
            +---------+---------+-------+---------+---------+-------
        D:1 |      47 |       0 |   0.0 |      26 |       0 |   0.0
        D:2 |      91 |       0 |   0.0 |      28 |       0 |   0.0
        D:3 |     320 |      81 |  20.2 |      31 |       1 |   3.1
        D:4 |     185 |     181 |  49.5 |       7 |      14 |  66.7
        D:5 |     771 |       0 |   0.0 |      21 |       0 |   0.0
        D:6 |     719 |     271 |  27.4 |      18 |       2 |  10.0
        D:7 |    1708 |    1801 |  51.3 |      29 |      17 |  37.0
        D:8 |    1744 |    1459 |  45.6 |      29 |      22 |  43.1
        D:9 |    1344 |    3501 |  72.3 |      41 |      14 |  25.5
       D:10 |    1345 |    4176 |  75.6 |      25 |      11 |  30.6
       D:11 |    5912 |    1885 |  24.2 |      27 |       3 |  10.0
       D:12 |    7723 |    1018 |  11.6 |      31 |       1 |   3.1
       D:13 |   12946 |   10858 |  45.6 |      50 |      19 |  27.5
       D:14 |    5640 |    1030 |  15.4 |      15 |       7 |  31.8
       D:15 |    8254 |   14594 |  63.9 |      21 |      19 |  47.5
     Lair:1 |    3809 |    2304 |  37.7 |      15 |      30 |  66.7
     Lair:2 |    2698 |    2250 |  45.5 |      12 |      14 |  53.8
     Lair:3 |    5132 |    8118 |  61.3 |      13 |      12 |  48.0
     Lair:4 |    7394 |    5695 |  43.5 |      32 |      44 |  57.9
     Lair:5 |    5248 |     151 |   2.8 |      18 |       1 |   5.3
     Lair:6 |   13592 |   10283 |  43.1 |      41 |      50 |  54.9
    Swamp:1 |   12916 |       0 |   0.0 |      29 |       0 |   0.0
    Swamp:2 |   13620 |       0 |   0.0 |      39 |       0 |   0.0
    Swamp:3 |   19736 |       0 |   0.0 |      55 |       0 |   0.0
    Swamp:4 |   16297 |   17801 |  52.2 |      45 |      41 |  47.7
   Spider:1 |    9495 |       0 |   0.0 |      31 |       0 |   0.0
   Spider:2 |   19562 |    7876 |  28.7 |      51 |       9 |  15.0
   Spider:3 |   20193 |     225 |   1.1 |      55 |       1 |   1.8
   Spider:4 |   22022 |   25365 |  53.5 |      67 |      36 |  35.0
      Orc:1 |    2128 |    4994 |  70.1 |       8 |      12 |  60.0
      Orc:2 |    3532 |    9298 |  72.5 |      25 |      61 |  70.9
      Elf:1 |    6958 |   12942 |  65.0 |      10 |      32 |  76.2
      Elf:2 |   15754 |    1799 |  10.2 |      32 |       2 |   5.9
      Elf:3 |   11540 |   35523 |  75.5 |      19 |      30 |  61.2
   Vaults:1 |   15799 |   14064 |  47.1 |      41 |      26 |  38.8
   Vaults:2 |   31837 |   11994 |  27.4 |      46 |      15 |  24.6
   Vaults:3 |   26839 |   23772 |  47.0 |      31 |      29 |  48.3
   Depths:1 |   51303 |    5152 |   9.1 |      57 |       8 |  12.3
   Depths:2 |   24466 |   26729 |  52.2 |      24 |      35 |  59.3
   Depths:3 |   31415 |   34677 |  52.5 |      38 |      28 |  42.4
   Depths:4 |   65722 |   34302 |  34.3 |      78 |      23 |  22.8
   Depths:5 |   43131 |   19845 |  31.5 |      34 |      16 |  32.0
    Abyss:1 |   27171 |       0 |   0.0 |      59 |       0 |   0.0
    Abyss:2 |    1269 |       0 |   0.0 |       2 |       0 |   0.0
    Abyss:3 |    1279 |    3261 |  71.8 |       4 |       3 |  42.9
     Bailey |       0 |     426 | 100.0 |       0 |      16 | 100.0
   Gauntlet |       0 |    4075 | 100.0 |       0 |      16 | 100.0
            +---------+---------+-------+---------+---------+-------
